TOP OF THE 1ST |
Nashville G-Strings batting - Pitching for Chicago Machine : RHP Aaron Thrash
|
Pitching: RHP Aaron Thrash
|
|
Batting: SHB Jorge Flores
|
0-0: Ball 1-0: Called Strike 1-1: Ball 2-1: Ball 3-1: Foul Ball, location: 2F 3-2: Base on Balls
|
Batting: LHB Jesús Núñez
|
0-0: Ball Jorge Flores steals 2nd base 1-0: DOUBLE (Line Drive, 9LM) Jorge Flores scores
|
Batting: RHB Sergio Márquez
|
0-0: Ball 1-0: Ball 2-0: Ball 3-0: Base on Balls
|
Batting: LHB George Smith
|
0-0: Ball 1-0: Ball 2-0: SINGLE (Flyball, 8RS) Jesús Núñez to third Sergio Márquez to second
|
Batting: RHB Vicente Aguirre
|
0-0: Foul Ball, location: 2F 0-1: Ball 1-1: SINGLE (Line Drive, 34D) Jesús Núñez scores Sergio Márquez to third George Smith to second
|
Batting: RHB António Ortega
|
0-0: Ball 1-0: Foul Ball, location: 2F 1-1: Foul Ball, location: 2F 1-2: Foul Ball, location: 2F 1-2: Ball 2-2: Foul Ball, location: 2F 2-2: Foul Ball, location: 2F 2-2: Ball 3-2: SINGLE (Line Drive, 6D) Sergio Márquez scores George Smith to third Vicente Aguirre to second
|
Batting: SHB Rob Grun
|
0-0: Called Strike 0-1: SINGLE (Groundball, 34D) George Smith scores Vicente Aguirre to third António Ortega to second
|
Batting: RHB Greg King
|
0-0: Called Strike 0-1: Ball 1-1: Foul Ball, location: 2F 1-2: Ball 2-2: Fly out, F9 (Flyball, 89S)
|
Batting: RHB Juan Costello
|
0-0: Ball 1-0: Foul Ball, location: 2F 1-1: Foul Ball, location: 2F 1-2: Strikes out looking
|
Batting: SHB Jorge Flores
|
0-0: Swinging Strike 0-1: SINGLE (Line Drive, 78M) Vicente Aguirre scores António Ortega to third Rob Grun to second Runner from 3rd tries for Home, SAFE, no throw
|
Batting: LHB Jesús Núñez
|
0-0: Ball 1-0: Swinging Strike 1-1: Fly out, F7 (Line Drive, 78D)
|
Top of the 1st over - 6 run(s), 6 hit(s), 0 error(s), 2 left on base; Nashville 6 - Chicago 0 |
BOTTOM OF THE 1ST |
Chicago Machine batting - Pitching for Nashville G-Strings : RHP Javier García
|
Pitching: RHP Javier García
|
|
Batting: RHB Pablo Sandoval
|
0-0: Ground out 5-3 (Groundball, 56S)
|
Batting: LHB Keng-chi Lao
|
0-0: Called Strike 0-1: Ball 1-1: Reached on error, E7 (Flyball, 7LS)
|
Batting: RHB Doug Stephens
|
0-0: Ball 1-0: 2-RUN HOME RUN (Flyball, 9D), Distance : 381 ft
|
Batting: RHB Roberto Tobías
|
0-0: Called Strike 0-1: Ground out 6-3 (Groundball, 6D)
|
Batting: SHB Joaquín López
|
0-0: Ball 1-0: Ball 2-0: Ball 3-0: Called Strike 3-1: SINGLE (Groundball, 3D)
|
Batting: RHB Gonzalo Gil
|
0-0: Ball 1-0: Ball 2-0: Ball 3-0: Fly out, F8 (Flyball, 8RD)
|
Bottom of the 1st over - 2 run(s), 2 hit(s), 1 error(s), 1 left on base; Nashville 6 - Chicago 2 |
TOP OF THE 2ND |
Nashville G-Strings batting - Pitching for Chicago Machine : RHP Aaron Thrash
|
Batting: RHB Sergio Márquez
|
0-0: Ground out 4-3 (Groundball, 4S)
|
Batting: LHB George Smith
|
0-0: Called Strike 0-1: Ball 1-1: Ground out 4-3 (Groundball, 34)
|
Batting: RHB Vicente Aguirre
|
0-0: Swinging Strike 0-1: Called Strike 0-2: Ball 1-2: Ball 2-2: Ball 3-2: Strikes out swinging
|
Top of the 2nd over - 0 run(s), 0 hit(s), 0 error(s), 0 left on base; Nashville 6 - Chicago 2 |
BOTTOM OF THE 2ND |
Chicago Machine batting - Pitching for Nashville G-Strings : RHP Javier García
|
Batting: LHB Tanyu Imai
|
0-0: Ball 1-0: Foul Ball, location: 2F 1-1: Foul Ball, location: 2F 1-2: SINGLE (Line Drive, 56D)
|
Batting: RHB Nick Harris
|
0-0: Called Strike 0-1: Called Strike 0-2: Ball 1-2: Strikes out swinging
|
Batting: SHB Lee Townsend
|
0-0: Fly out, F8 (Flyball, 8LM)
|
Batting: RHB Pablo Sandoval
|
0-0: Called Strike 0-1: Ball 1-1: SINGLE (Flyball, 78S) Tanyu Imai to second
|
Batting: LHB Keng-chi Lao
|
0-0: Called Strike 0-1: Ball 1-1: Ball 2-1: SINGLE (Groundball, 34D) Tanyu Imai to third Pablo Sandoval to second Runner from 3rd tries for Home, SAFE, no throw
|
Batting: RHB Doug Stephens
|
0-0: Swinging Strike 0-1: Foul Ball, location: 2F 0-2: Foul Ball, location: 2F 0-2: Fly out, F8 (Flyball, 8RM)
|
Bottom of the 2nd over - 1 run(s), 3 hit(s), 0 error(s), 2 left on base; Nashville 6 - Chicago 3 |
TOP OF THE 3RD |
Nashville G-Strings batting - Pitching for Chicago Machine : RHP Aaron Thrash
|
Batting: RHB António Ortega
|
0-0: Called Strike 0-1: Ball 1-1: Ball 2-1: Swinging Strike 2-2: Strikes out swinging
|
Batting: SHB Rob Grun
|
0-0: Called Strike 0-1: Foul Ball, location: 2F 0-2: Ground out 4-3 (Groundball, 34D)
|
Batting: RHB Greg King
|
0-0: Ball 1-0: Foul Ball, location: 2F 1-1: Foul Ball, location: 2F 1-2: Ground out 5-3 (Groundball, 56S)
|
Top of the 3rd over - 0 run(s), 0 hit(s), 0 error(s), 0 left on base; Nashville 6 - Chicago 3 |
BOTTOM OF THE 3RD |
Chicago Machine batting - Pitching for Nashville G-Strings : RHP Javier García
|
Batting: RHB Roberto Tobías
|
0-0: Ball 1-0: Fly out, F8 (Flyball, 8RXD)
|
Batting: SHB Joaquín López
|
0-0: Foul Ball, location: 2F 0-1: SOLO HOME RUN (Flyball, 89XD), Distance : 440 ft
|
Batting: RHB Gonzalo Gil
|
0-0: Foul Ball, location: 2F 0-1: Swinging Strike 0-2: Ground out 6-3 (Groundball, 6)
|
Batting: LHB Tanyu Imai
|
0-0: Called Strike 0-1: Ball 1-1: Foul Ball, location: 2F 1-2: Ground out 3-1 (Groundball, 34)
|
Bottom of the 3rd over - 1 run(s), 1 hit(s), 0 error(s), 0 left on base; Nashville 6 - Chicago 4 |
TOP OF THE 4TH |
Nashville G-Strings batting - Pitching for Chicago Machine : RHP Aaron Thrash
|
Batting: RHB Juan Costello
|
0-0: Ball 1-0: Called Strike 1-1: Ball 2-1: DOUBLE (Groundball, 5L)
|
Batting: SHB Jorge Flores
|
0-0: Called Strike 0-1: Ball Wild Pitch! Juan Costello to third 1-1: Ball 2-1: Foul Ball, location: 2F 2-2: Ball 3-2: SINGLE (Line Drive, 34D) Juan Costello scores
|
Pitching: LHP John Knight
|
|
Batting: LHB Jesús Núñez
|
0-0: Foul Ball, location: 2F 0-1: Called Strike 0-2: Fly out, F8 (Flyball, 8LM)
|
Batting: RHB Sergio Márquez
|
0-0: Ball 1-0: Ball 2-0: Called Strike 2-1: Ball 3-1: Foul Ball, location: 2F 3-2: SINGLE (Groundball, 34D) Jorge Flores to second Runner from 2nd tries for 3rd, SAFE, no throw
|
Batting: LHB George Smith
|
0-0: Ball 1-0: Called Strike 1-1: 3-RUN HOME RUN (Flyball, 89XD), Distance : 439 ft
|
Batting: RHB Vicente Aguirre
|
0-0: Called Strike 0-1: Ball 1-1: Swinging Strike 1-2: SINGLE (Line Drive, 56)
|
Batting: RHB António Ortega
|
0-0: Swinging Strike 0-1: Called Strike 0-2: Ball 1-2: Foul Ball, location: 2F 1-2: Foul Ball, location: 2F 1-2: Foul Ball, location: 2F 1-2: Ball 2-2: Foul Ball, location: 2F 2-2: Ball 3-2: Grounds into double play, 5-4-3 (Groundball, 56)
|
Top of the 4th over - 4 run(s), 5 hit(s), 0 error(s), 0 left on base; Nashville 10 - Chicago 4 |
BOTTOM OF THE 4TH |
Chicago Machine batting - Pitching for Nashville G-Strings : RHP Javier García
|
Batting: RHB Nick Harris
|
0-0: DOUBLE (Line Drive, 7LD)
|
Batting: SHB Lee Townsend
|
0-0: Ball Wild Pitch! Nick Harris to third 1-0: Called Strike 1-1: Ground out 1-3 (Groundball, 13)
|
Batting: RHB Pablo Sandoval
|
0-0: Ball 1-0: Swinging Strike 1-1: Swinging Strike 1-2: Foul Ball, location: 2F 1-2: Hit by Pitch
|
Batting: LHB Keng-chi Lao
|
0-0: Called Strike Pablo Sandoval steals 2nd base 0-1: Ball 1-1: 3-RUN HOME RUN (Flyball, 89XD), Distance : 433 ft
|
Batting: RHB Doug Stephens
|
0-0: Ball 1-0: Called Strike 1-1: Ball 2-1: DOUBLE (Line Drive, 78XD)
|
Pitching: RHP Arturo Leal
|
|
Batting: RHB Roberto Tobías
|
0-0: Foul Ball, location: 2F 0-1: Ball 1-1: Foul Ball, location: 2F 1-2: Foul Ball, location: 2F 1-2: Foul Ball, location: 2F 1-2: Foul Ball, location: 2F 1-2: Ball 2-2: Ball 3-2: Base on Balls
|
Batting: SHB Joaquín López
|
0-0: Grounds into double play, U3-6 (Groundball, 3L)
|
Bottom of the 4th over - 3 run(s), 3 hit(s), 0 error(s), 1 left on base; Nashville 10 - Chicago 7 |
TOP OF THE 5TH |
Nashville G-Strings batting - Pitching for Chicago Machine : LHP John Knight
|
Batting: SHB Rob Grun
|
0-0: Swinging Strike 0-1: Foul Ball, location: 2F 0-2: Strikes out looking
|
Batting: RHB Greg King
|
0-0: Ball 1-0: Ball 2-0: Ground out 6-3 (Groundball, 6)
|
Batting: RHB Juan Costello
|
0-0: Fly out, F7 (Flyball, 78M)
|
Top of the 5th over - 0 run(s), 0 hit(s), 0 error(s), 0 left on base; Nashville 10 - Chicago 7 |
BOTTOM OF THE 5TH |
Chicago Machine batting - Pitching for Nashville G-Strings : RHP Arturo Leal
|
Batting: RHB Gonzalo Gil
|
0-0: Ball 1-0: Ground out 2-3 (Groundball, 2R)
|
Batting: LHB Tanyu Imai
|
0-0: Called Strike 0-1: Ball 1-1: Foul Ball, location: 2F 1-2: Foul Ball, location: 2F 1-2: Foul Ball, location: 2F 1-2: Ball 2-2: Ball 3-2: Foul Ball, location: 2F 3-2: Strikes out swinging
|
Batting: RHB Nick Harris
|
0-0: Called Strike 0-1: Ball 1-1: Ball 2-1: Foul Ball, location: 2F 2-2: Foul Ball, location: 2F 2-2: Ball 3-2: Foul Ball, location: 2F 3-2: TRIPLE (Flyball, 9LM)
|
Batting: SHB Lee Townsend
|
0-0: Called Strike 0-1: Ball 1-1: Ball 2-1: Ball 3-1: Base on Balls
|
Batting: RHB Pablo Sandoval
|
0-0: Swinging Strike 0-1: SINGLE (Groundball, 4MD) Nick Harris scores Lee Townsend to second
|
Batting: LHB Keng-chi Lao
|
0-0: SINGLE (Line Drive, 34D) Lee Townsend to third Pablo Sandoval to second Runner from 3rd tries for Home, SAFE, throw made home Pablo Sandoval to third Keng-chi Lao to second
|
Batting: RHB Doug Stephens
|
0-0: Foul Ball, location: 2F 0-1: Ball 1-1: Ground out 5-3 (Groundball, 56)
|
Bottom of the 5th over - 2 run(s), 3 hit(s), 0 error(s), 2 left on base; Nashville 10 - Chicago 9 |
TOP OF THE 6TH |
Nashville G-Strings batting - Pitching for Chicago Machine : LHP John Knight
|
Batting: SHB Jorge Flores
|
0-0: Ball 1-0: Ground out 6-3 (Groundball, 6)
|
Batting: LHB Jesús Núñez
|
0-0: Fly out, F6 (Line Drive, 6)
|
Batting: RHB Sergio Márquez
|
0-0: Ball 1-0: Ball 2-0: Ball 3-0: Called Strike 3-1: Foul Ball, location: 2F 3-2: Ground out 6-3 (Groundball, 6)
|
Top of the 6th over - 0 run(s), 0 hit(s), 0 error(s), 0 left on base; Nashville 10 - Chicago 9 |
BOTTOM OF THE 6TH |
Chicago Machine batting - Pitching for Nashville G-Strings : RHP Arturo Leal
|
Batting: RHB Roberto Tobías
|
0-0: Ball 1-0: DOUBLE (Line Drive, 8RXD)
|
Batting: SHB Joaquín López
|
0-0: Called Strike 0-1: Ball 1-1: Swinging Strike 1-2: Ball 2-2: Ball 3-2: Fly out, F7 (Flyball, 7S)
|
Batting: RHB Gonzalo Gil
|
0-0: Called Strike 0-1: Foul Ball, location: 2F 0-2: Strikes out looking
|
Batting: LHB Tanyu Imai
|
0-0: Ball 1-0: Ball 2-0: Fly out, F9 (Flyball, 9)
|
Bottom of the 6th over - 0 run(s), 1 hit(s), 0 error(s), 1 left on base; Nashville 10 - Chicago 9 |
TOP OF THE 7TH |
Nashville G-Strings batting - Pitching for Chicago Machine : LHP John Knight
|
Batting: LHB George Smith
|
0-0: Called Strike 0-1: Swinging Strike 0-2: Ball 1-2: Strikes out looking
|
Batting: RHB Vicente Aguirre
|
0-0: Ball 1-0: Ball 2-0: Ball 3-0: Called Strike 3-1: Foul Ball, location: 2F 3-2: Fly out, F4 (Popup, 34)
|
Batting: RHB António Ortega
|
0-0: Ball 1-0: Foul Ball, location: 2F 1-1: Ball 2-1: Swinging Strike 2-2: SOLO HOME RUN (Line Drive, 78XD), Distance : 435 ft
|
Pitching: RHP Pedro Mendoza
|
|
Batting: SHB Rob Grun
|
0-0: Swinging Strike 0-1: Ball 1-1: Ball 2-1: SINGLE (Groundball, 4MD)
|
Batting: RHB Greg King
|
0-0: Called Strike 0-1: Called Strike 0-2: Strikes out swinging
|
Top of the 7th over - 1 run(s), 2 hit(s), 0 error(s), 1 left on base; Nashville 11 - Chicago 9 |
BOTTOM OF THE 7TH |
Chicago Machine batting - Pitching for Nashville G-Strings : RHP Arturo Leal
|
Batting: RHB Nick Harris
|
0-0: Called Strike 0-1: Ball 1-1: Called Strike 1-2: Ball 2-2: SINGLE (Groundball, 5S) (infield hit)
|
Batting: SHB Lee Townsend
|
0-0: Called Strike 0-1: Called Strike 0-2: Ball 1-2: Ball Nick Harris steals 2nd base 2-2: Fly out, F4 (Line Drive, 4)
|
Batting: RHB Pablo Sandoval
|
0-0: Ball 1-0: Ball 2-0: Fly out, F8 (Flyball, 89M) Runner from 2nd tags up, SAFE at 3rd with throw
|
Pitching: LHP Raúl Sandoval
|
|
Batting: LHB Keng-chi Lao
|
0-0: Ball 1-0: Ball 2-0: Ball 3-0: Called Strike 3-1: Foul Ball, location: 2F 3-2: Base on Balls
|
Batting: RHB Doug Stephens
|
0-0: Ball 1-0: Fly out, F6 (Line Drive, 6)
|
Bottom of the 7th over - 0 run(s), 1 hit(s), 0 error(s), 2 left on base; Nashville 11 - Chicago 9 |
TOP OF THE 8TH |
Nashville G-Strings batting - Pitching for Chicago Machine : RHP Pedro Mendoza
|
Batting: RHB Juan Costello
|
0-0: Ball 1-0: Ball 2-0: Ball 3-0: Called Strike 3-1: Ground out 5-3 (Groundball, 56S)
|
Batting: SHB Jorge Flores
|
0-0: Ball 1-0: Ball 2-0: Called Strike 2-1: Ball 3-1: Swinging Strike 3-2: Base on Balls
|
Batting: LHB Jesús Núñez
|
0-0: Called Strike 0-1: Foul Ball, location: 2F 0-2: Foul Ball, location: 2F 0-2: Ball 1-2: Strikes out swinging
|
Batting: RHB Sergio Márquez
|
0-0: Called Strike Jorge Flores is caught stealing 2nd base
|
Top of the 8th over - 0 run(s), 0 hit(s), 0 error(s), 0 left on base; Nashville 11 - Chicago 9 |
BOTTOM OF THE 8TH |
Chicago Machine batting - Pitching for Nashville G-Strings : LHP Raúl Sandoval
|
Batting: RHB Roberto Tobías
|
0-0: Ball 1-0: SINGLE (Groundball, 34D)
|
Batting: SHB Joaquín López
|
0-0: SINGLE (Groundball, 6D) Roberto Tobías to second
|
Pitching: RHP Johnathan Phillips
|
|
Pinch Runner at 2nd José Valdéz:
|
|
Batting: RHB Gonzalo Gil
|
0-0: Called Strike 0-1: Ball 1-1: Called Strike 1-2: Strikes out looking
|
Pitching: LHP Carlos Berru
|
|
Batting: LHB Tanyu Imai
|
0-0: Foul Ball, location: 2F 0-1: Fielders Choice at 2nd, 3-6 (Groundball, 34) José Valdéz to third
|
Pitching: RHP Ramiro Rivera
|
|
Batting: RHB Nick Harris
|
0-0: Foul Ball, location: 2F 0-1: Ball 1-1: Ball 2-1: Ball 3-1: Swinging Strike 3-2: Foul Ball, location: 2F 3-2: Fly out, F6 (Line Drive, 6)
|
Bottom of the 8th over - 0 run(s), 2 hit(s), 0 error(s), 2 left on base; Nashville 11 - Chicago 9 |
TOP OF THE 9TH |
Nashville G-Strings batting - Pitching for Chicago Machine : RHP Pedro Mendoza
|
Now at 1B: José Valdéz
|
|
Batting: RHB Sergio Márquez
|
0-0: Swinging Strike 0-1: Fly out, F4 (Line Drive, 6M)
|
Batting: LHB George Smith
|
0-0: Ball 1-0: SINGLE (Groundball, 34D)
|
Batting: RHB Vicente Aguirre
|
0-0: Foul Ball, location: 2F 0-1: Swinging Strike 0-2: Fly out, F6 (Popup, 56D)
|
Pitching: RHP Juan Rodríguez
|
|
Batting: RHB António Ortega
|
0-0: Ball 1-0: Fly out, F7 (Flyball, 7LMF)
|
Top of the 9th over - 0 run(s), 1 hit(s), 0 error(s), 1 left on base; Nashville 11 - Chicago 9 |
BOTTOM OF THE 9TH |
Chicago Machine batting - Pitching for Nashville G-Strings : RHP Ramiro Rivera
|
Pitching: RHP Junior Mateo
|
|
Batting: SHB Lee Townsend
|
0-0: Foul Ball, location: 2F 0-1: Ball 1-1: Swinging Strike 1-2: Ball 2-2: Strikes out swinging
|
Batting: RHB Pablo Sandoval
|
0-0: Called Strike 0-1: Swinging Strike 0-2: Foul Ball, location: 2F 0-2: Strikes out swinging
|
Batting: LHB Keng-chi Lao
|
0-0: Ground out 6-3 (Groundball, 6MS)
|
Bottom of the 9th over - 0 run(s), 0 hit(s), 0 error(s), 0 left on base; Nashville 11 - Chicago 9 |
|